 Dungeon Crawl Stone Soup version 0.23.2-33-g5129a83184 (webtiles) character file.

Game seed: 13288047522472699592

21 Atelerd the Conjurer (level 2, -1/17 HPs)
             Began as an Octopode Conjurer on July 16, 2019.
             Slain by a bullfrog (7 damage)
             ... on level 2 of the Dungeon.
             The game lasted 00:00:36 (777 turns).

Atelerd the Conjurer (Octopode Conjurer)             Turns: 777, Time: 00:00:37

Health: -1/17      AC:  1    Str:  7    XL:     2   Next: 87%
Magic:  5/6        EV: 13    Int: 17    God:
Gold:   32         SH:  0    Dex: 12    Spells: 6/7 levels left

rFire    . . .     SeeInvis .   c - +0 mace
rCold    . . .     Gourm    .   (no shield)
rNeg     . . .     Faith    .   (helmet restricted)
rPois    .         Spirit   .   (no amulet)
rElec    .         Reflect  .   (no ring)
rCorr    .         Harm     .   (no ring)
MR       .....                  (no ring)
Stlth    +++.......             (no ring)
HPRegen  0.05/turn              (no ring)
MPRegen  0.10/turn              (no ring)
                                (no ring)
                                (no ring)

@: no status effects
A: almost no armour, stealthy swim, amphibious, 8 rings, constrict 8, camouflage
1, gelatinous body 1
a: no special abilities


You were on level 2 of the Dungeon.
You were not hungry.

You visited 1 branch of the dungeon, and saw 2 of its levels.

You collected 32 gold pieces.

Inventory:

Hand Weapons
 c - a +0 mace (weapon)
Scrolls
 e - a scroll of enchant armour {unknown}
 g - a scroll of identify {unknown}
 i - 2 scrolls of teleportation {unknown}
Potions
 a - a potion of lignification {unknown}
 d - 2 potions of mutation {unknown}
 f - a potion of brilliance {unknown}
 h - a potion of might {unknown}
Comestibles
 b - 3 rations


   Skills:
 - Level 2.0 Dodging
 - Level 2.6 Stealth
 * Level 3.1 Spellcasting
 - Level 4.0 Conjurations


You had 6 spell levels left.
You knew the following spells:

 Your Spells              Type           Power        Failure   Level  Hunger
a - Magic Dart            Conj           ###.         3%          1    None

Your spell library contained the following spells:

 Spells                   Type           Power        Failure   Level  Hunger
 Searing Ray              Conj           ###...       4%          2    ##.....
 Dazzling Spray           Conj/Hex       #.....       22%         3    ###....
 Iskenderun's Mystic Bla  Conj           ###.....     32%         4    ####...
 Force Lance              Conj/Tloc      #.......     58%         4    ####...
 Fulminant Prism          Conj/Hex       #.........   58%         4    ####...


Dungeon Overview and Level Annotations

Branches:
Dungeon (2/15)

Altars:


Innate Abilities, Weirdness & Mutations

You cannot wear most types of armour.
You are very stealthy in the water. (Stealth+)
You are amphibious.
You can wear up to eight rings at the same time.
You can use your tentacles to constrict eight enemies at once.
Your skin changes colour to match your surroundings (Stealth+).
Your rubbery body absorbs attacks. (AC +1, EV +1)


Message History

Things that are here:
a +0 club; a goblin corpse You barely miss the bullfrog.
The bullfrog croaks.
Your grab misses the bullfrog.
You hear a howl!
A howler monkey comes into view.
The bullfrog hits you!
The howler monkey hoots and howls with incredible vigour!
The bullfrog hits you.
You hear an angry hiss.
You hear a shout! x2; You hear an angry hiss.
Casting: Magic Dart (safe; 3% risk of failure)
Confirm with . or Enter, or press ? or * to list all spells.
Aiming: Magic Dart (safe; 3% risk of failure)
Press: ? - help, Shift-Dir - straight line, f - bullfrog
Aim: a bullfrog The magic dart hits the bullfrog.
The bullfrog is moderately wounded.
The bullfrog hits you!
You die...

######.#.########
..................
........#........#
##########$#####.
..........#
#####...#.#
#...#... #.!.# ###
#..@# #..F# #...h
#...#. #.#.#.#
#.#.# # .....
.#.#.#


You could see a bullfrog and a howler monkey.

Vanquished Creatures
  A leopard gecko (D:1)
  A giant cockroach (D:1)
  8 goblins
  A kobold (D:1)
  A bat (D:1)
  3 frilled lizards (D:1)
  4 rats (D:1)
19 creatures vanquished.

Notes
Turn   | Place    | Note
-------+----------+-------------------------------------------
     0 | D:1      | Atelerd the Octopode Conjurer began the quest for the Orb.
     0 | D:1      | Reached XP level 1. HP: 11/11 MP: 3/3
   128 | D:1      | Reached XP level 2. HP: 13/17 MP: 3/5
   775 | D:2      | Noticed a bullfrog
   776 | D:2      | Noticed a howler monkey
   777 | D:2      | Slain by a bullfrog

Skill      XL: |  1  2 |
---------------+-------+-----
Spellcasting   | 3 |  3.1
Dodging        | |  2.0
Stealth        | |  2.6
Conjurations   | |  4.0

Action                   || total
-------------------------++-------
Melee: Mace              ||    29
       Constrict         ||     7
       Tentacles         ||     4
 Cast: Magic Dart        ||     4
 Stab: Sleeping          ||     6
Armor: Skin              ||     4
Dodge: Dodged            ||    14
